 Dungeon Crawl Stone Soup version 0.19-a0-1896-g611e798 (webtiles) character file.

133 Grim the Grave Robber (level 4, -2/30 HPs)
             Began as a Mummy Necromancer on Oct 19, 2016.
             Slain by an orc
             ... wielding a +0 short sword
              (4 damage)
             ... on level 3 of the Dungeon.
             The game lasted 00:08:21 (2869 turns).

Grim the Grave Robber (Mummy Necromancer)           Turns: 2869, Time: 00:08:21

Health: -2/30      AC:  3    Str: 11    XL:     4   Next: 94%
Magic:  1/7        EV: 12    Int: 15    God:
Gold:   78         SH:  0    Dex: 12    Spells: 3 memorised, 1 level left

rFire  x . .     SeeInvis .     f - +0 short sword
rCold  + . .     Gourm    .     a - +0 robe
rNeg   + + +     Faith    .     (no shield)
rPois  ∞         Spirit   .     (no helmet)
rElec  .         Reflect  .     (no cloak)
rCorr  .         Harm     .     k - +0 pair of gloves
MR     .....                    (no boots)
Stlth  ++........               (no amulet)
                                (no ring)
                                (no ring)

@: no status effects
A: no food or potions, fire vulnerability, cold resistance 1, negative energy
resistance 3, torment resistance, unbreathing
a: no special abilities


You were on level 3 of the Dungeon.
You were not hungry.

You visited 1 branch of the dungeon, and saw 3 of its levels.

You collected 78 gold pieces.

Inventory:

Hand Weapons
 f - a +0 short sword (weapon)
Armour
 a - a +0 robe (worn)
 k - a +0 pair of gloves (worn)
Jewellery
 j - an uncursed ring of protection from cold {unknown}
Scrolls
 c - a scroll of amnesia {unknown}
 d - 3 scrolls of fog {unknown}
 e - a scroll of blinking {unknown}
 g - a scroll of recharging {unknown}
 h - a scroll of magic mapping {unknown}
 i - a scroll of enchant armour {unknown}
 l - a scroll of remove curse {unknown}
Books
 b - a book of Necromancy

   Spells                             Type                      Level
   a - Pain                           Necromancy                   1
   b - Animate Skeleton               Necromancy                   1
   c - Vampiric Draining              Necromancy                   3
   d - Regeneration                   Charms/Necromancy            3
   e - Animate Dead                   Necromancy                   4
   f - Control Undead                 Necromancy                   4


   Skills:
 * Level 3.3 Short Blades
 - Level 1.5 Dodging
 - Level 1.5 Stealth
 - Level 2.0 Spellcasting
 - Level 4.5 Necromancy


You had one spell level left.
You knew the following spells:

 Your Spells              Type           Power        Failure   Level  Hunger
a - Pain                  Necr           ###.         3%          1    N/A
b - Animate Skeleton      Necr           N/A          3%          1    N/A
c - Animate Dead          Necr           N/A          34%         4    N/A

Dungeon Overview and Level Annotations

Branches:
Dungeon (3/15)

Altars:

Annotations:
D:3 Gottschkopf's ghost, amateur DEVM


Innate Abilities, Weirdness & Mutations

You do not eat or drink.
Your flesh is vulnerable to fire.
You are immune to poison.
Your flesh is cold resistant. (rC+)
You are immune to negative energy. (rN+++)
You are immune to unholy pain and torment.
You can survive without breathing.


Message History

The orc barely misses you.
You barely miss the orc.
The orc is lightly wounded.
The orc hits you with a short sword.
* * * LOW HITPOINT WARNING * * *
You hit the orc but do no damage.
The orc is lightly wounded.
The orc hits you with a short sword.
* * * LOW HITPOINT WARNING * * *
You hit the orc.
The orc is moderately wounded.
The orc barely misses you.
You barely miss the orc.
The orc is moderately wounded.
The orc hits you with a short sword.
* * * LOW HITPOINT WARNING * * *
You hit the orc but do no damage.
The orc is moderately wounded.
The orc hits you with a short sword.
You die...

..........#
......###.# ......#
#.# ......# #.#
...#### #.# #### #.#
#.#
#########.###########
#...............@oo.#
..###########.#####.#
### ...# #.### #g #


You could see 2 orcs.

Vanquished Creatures
  An orc wizard (D:3)
  4 adders
  An ooze (D:2)
  3 worms
  2 dart slugs (D:2)
  2 leopard geckos (D:2)
  2 orcs (D:3)
  8 bats
  2 giant cockroaches
  6 goblins
  4 hobgoblins
  8 kobolds
  A quokka (D:3)
  2 ball pythons (D:1)
  2 rats (D:1)
48 creatures vanquished.

Notes
Turn   | Place    | Note
-------+----------+-------------------------------------------
     0 | D:1      | Grim the Mummy Necromancer began the quest for the Orb.
     0 | D:1      | Reached XP level 1. HP: 13/13 MP: 3/3
     6 | D:1      | Noticed a wolf
     6 | D:1      | Noticed a redback
     6 | D:1      | Noticed a crocodile
     6 | D:1      | Noticed a lindwurm
     6 | D:1      | Noticed a five-headed hydra
   570 | D:1      | Reached XP level 2. HP: 19/19 MP: 1/5
  1044 | D:2      | Reached skill level 1 in Short Blades
  1293 | D:2      | Reached XP level 3. HP: 24/24 MP: 2/6
  2089 | D:2      | Reached XP level 4. HP: 30/30 MP: 3/7
  2231 | D:2      | Learned a level 1 spell: Animate Skeleton
  2236 | D:2      | Learned a level 4 spell: Animate Dead
  2501 | D:3      | Noticed Gottschkopf's ghost (amateur DEVM)
  2869 | D:3      | Slain by an orc

Vault maps used:
D:1:      onia_arrival_zoo_common
D:3:      first_bread, portal_sewer_entry_d

Skill      XL: |  1  2  3  4 |
---------------+-------------+-----
Short Blades   | 1 2 3 |  3.3
Dodging        | |  1.5
Stealth        | |  1.5
Spellcasting   | |  2.0
Necromancy     | |  4.5

Action                   |  1- 3 |  4- 6 || total
-------------------------+-------+-------++-------
Melee: Dagger            |     7 |       ||     7
       Unarmed           |     4 |       ||     4
       Short sword       |     1 |    38 ||    39
 Cast: Pain              |    72 |    23 ||    95
Armor: Robe              |     5 |     6 ||    11
Dodge: Dodged            |    12 |    21 ||    33
